 Dungeon Crawl Stone Soup version 0.24.0-123-gd5b16e6ec5 (webtiles) character file.

Game seed: 13749032893375197194, levelgen mode: deterministic

658 Johnny the Digger (level 7, -2/50 HPs)
             Began as a Demigod Earth Elementalist on Feb 2, 2020.
             Slain by Pikel the meliai
             ... wielding a +1 whip of flaming
              (10 damage)
             ... on level 4 of the Dungeon.
             The game lasted 00:04:22 (3887 turns).

Johnny the Digger (Demigod Earth Elementalist)      Turns: 3887, Time: 00:04:23

Health: -2/50      AC:  3    Str: 11    XL:     7   Next: 8%
Magic:  9/18       EV: 12    Int: 23    God:
Gold:   12         SH:  0    Dex: 16    Spells: 12/16 levels left

rFire    . . .     SeeInvis .   g - +0 whip (elec)
rCold    . . .     Gourm    .   (no shield)
rNeg     . . .     Faith    .   c - +0 robe
rPois    .         Spirit   .   (no helmet)
rElec    .         Reflect  .   m - +0 cloak
rCorr    .         Harm     .   (no gloves)
MR       .....                  (no boots)
Stlth    ++........             h - amulet of the acrobat
HPRegen  0.16/turn              (no ring)
MPRegen  0.16/turn              (no ring)

@: lethally poisoned (-2 -> -25)
A: high mp 1
a: no special abilities


You were on level 4 of the Dungeon.
You were not hungry.

You visited 1 branch of the dungeon, and saw 4 of its levels.

You collected 166 gold pieces.
You spent 154 gold pieces at shops.

Inventory:

Hand Weapons
 g - a +0 whip of electrocution (weapon)
Missiles
 b - 75 stones (quivered)
Armour
 c - a +0 robe (worn)
 m - a +0 cloak (worn)
Jewellery
 h - an amulet of the acrobat (around neck)
Wands
 n - a wand of polymorph (8)
 s - a wand of enslavement (9)
Scrolls
 e - 2 scrolls of identify {unknown}
 f - a scroll of amnesia {unknown}
 j - 3 scrolls of teleportation {unknown}
 l - a scroll of blinking {unknown}
 r - a scroll of remove curse {unknown}
Potions
 a - a potion of haste
 i - 2 potions of curing
 k - 2 potions of mutation {unknown}
 o - a potion of agility {unknown}
 p - a potion of heal wounds
 q - a potion of lignification
Comestibles
 d - 6 rations


   Skills:
 - Level 1.7 Dodging
 - Level 1.7 Stealth
 + Level 5.0 Spellcasting
   Level 0.8 Transmutations
 + Level 5.8 Earth Magic


You had 12 spell levels left.
You knew the following spells:

 Your Spells              Type           Power        Failure   Level  Hunger
a - Sandblast             Erth           ####..       1%          1    None
b - Stone Arrow           Conj/Erth      ###...       9%          3    ##.....

Your spell library contained the following spells:

 Spells                   Type           Power        Failure   Level  Hunger
 Passwall                 Tmut/Erth      ###.....     3%          2    None
 Petrify                  Tmut/Erth      ###.....     24%         4    ####...
 Lee's Rapid Deconstruct  Erth           ####......   24%         5    #####..


Dungeon Overview and Level Annotations

Branches:
Dungeon (4/15)
 Temple: D:4-7

Shops:
D:4 !

Annotations:
D:4 Pikel


Innate Abilities, Weirdness & Mutations

You have an increased reservoir of magic. (+10% MP)


Message History

You feel sick.
There is an escape hatch in the ceiling here.
Casting: Stone Arrow (safe; 9% risk of failure)
Confirm with . or Enter, or press ? or * to list all spells.
Aiming: Sandblast (safe; 1% risk of failure)
Press: ? - help, Shift-Dir - straight line, f/p - Pikel
Aim: Pikel the meliai, wielding a +1 whip of flaming The blast of sand hits Pikel!
Pikel is moderately wounded.
b - 75 stones You feel sick.
Pikel closely misses you. Pikel stings you!
* * * LOW HITPOINT WARNING * * *
You are lethally poisoned!
Pikel poisons you!
Pikel hits you with a +1 whip of flaming.
* * * LOW HITPOINT WARNING * * *
Pikel burns you.
* * * LOW HITPOINT WARNING * * *
Pikel stings you!
You die...

## #........?. .
###..........
h###............
#.##............. ###
#.........).......
##.###..................
#..#.#..##.....(...[....
.....p.###......@y......
#......##...............
..#.....##..............
..##..#.##..............
...##....####...........
....#.#.## ##.#..###...
......#..####..#..###...
..........#.#.......# ##
....#...........##....


You could see Pikel the meliai.

Vanquished Creatures
  Menkaure (D:4)
  4 slaves
  An ogre (D:3)
  A scorpion (D:4)
  3 hounds (D:4)
  Crazy Yiuf (D:3)
  Natasha (thrice) (D:3)
  2 worker ants (D:4)
  Ijyb (D:4)
  5 adders
  A shadow imp (D:4)
  An ooze (D:1)
  4 worms
  A dart slug (D:2)
  2 leopard geckos
  7 orcs
  A giant cockroach (D:2)
  4 goblins
  6 hobgoblins
  6 jackals
  2 ball pythons
  4 bats
  5 frilled lizards
  6 kobolds
  7 rats
79 creatures vanquished.

Notes
Turn   | Place    | Note
-------+----------+-------------------------------------------
     0 | D:1      | Johnny the Demigod Earth Elementalist began the quest for
                  | the Orb.
     0 | D:1      | Reached XP level 1. HP: 14/14 MP: 5/5
   617 | D:1      | Reached XP level 2. HP: 18/20 MP: 7/7
   917 | D:2      | Found a hazy altar of Hepliaklqana.
   917 | D:2      | Found a blossoming altar of Fedhas.
   919 | D:2      | Found a white marble altar of Elyvilon.
  1058 | D:2      | Reached XP level 3. HP: 13/26 MP: 6/9
  1333 | D:2      | Found a sacrificial altar of Ru.
  2160 | D:3      | Reached XP level 4. HP: 32/33 MP: 9/11
  2277 | D:3      | Noticed an ogre
  2283 | D:3      | Killed an ogre
  2283 | D:3      | Reached XP level 5. HP: 31/38 MP: 8/13
  2344 | D:3      | Noticed Natasha
  2356 | D:3      | Killed Natasha
  2757 | D:3      | Found a runed translucent door.
  2758 | D:3      | Noticed Crazy Yiuf
  2922 | D:3      | Killed Crazy Yiuf
  3262 | D:4      | Reached XP level 6. HP: 38/45 MP: 6/15
  3267 | D:4      | Learned a level 3 spell: Stone Arrow
  3282 | D:4      | Reached skill level 5 in Earth Magic
  3293 | D:4      | Noticed Pikel
  3421 | D:3      | Noticed Natasha
  3426 | D:3      | Killed Natasha
  3447 | D:3      | Noticed Natasha
  3462 | D:3      | Killed Natasha
  3714 | D:4      | Noticed Menkaure
  3717 | D:4      | Killed Menkaure
  3739 | D:4      | Found Hiorpho's Distillery.
  3748 | D:4      | Bought a potion of heal wounds for 70 gold pieces
  3748 | D:4      | Bought a potion of curing for 42 gold pieces
  3748 | D:4      | Bought a potion of lignification for 42 gold pieces
  3838 | D:4      | Noticed Ijyb
  3842 | D:4      | Killed Ijyb
  3842 | D:4      | Reached XP level 7. HP: 48/50 MP: 17/17
  3882 | D:4      | Reached skill level 5 in Spellcasting
  3885 | D:4      | Noticed Pikel
  3885 | D:4      | Pikel changed into Pikel the meliai
  3887 | D:4      | Slain by Pikel the meliai

Levels and vault maps discovered:
D:1:      dpeg_arrival_round_a, layout_loops_ring, minmay_misc_feat_rugged
D:2:      layout_basic, marbit_many_paths, gammafunk_temple_overflow_forgotten
D:3:      layout_loops_ring, first_ration, uniq_crazy_yiuf_cottage, uniq_natasha
D:4:      layout_cave_pools, serial_shops, shop, uniq_pikel, uniq_menkaure,
          uniq_ijyb

Skill      XL: |  1  2  3  4  5  6  7 |
---------------+----------------------+-----
Spellcasting   | 2 3 4 5 |  5.0
Earth Magic    | 3 4 5 |  5.8
Dodging        | |  1.7
Stealth        | |  1.7
Transmutations | |  0.8

Action                   |  1- 3 |  4- 6 |  7- 9 || total
-------------------------+-------+-------+-------++-------
Melee: Unarmed           |     7 |       |       ||     7
       Whip              |    68 |    46 |     1 ||   115
 Cast: Sandblast         |    21 |    65 |     9 ||    95
Evoke: Wand              |       |       |     1 ||     1
  Use: Potion            |       |     1 |       ||     1
 Stab: Sleeping          |    10 |       |       ||    10
  Eat: Chunk             |     4 |     5 |       ||     9
Armor: Robe              |     6 |    13 |       ||    19
Dodge: Dodged            |    63 |    49 |     9 ||   121
